 Dungeon Crawl Stone Soup version 0.21.1-1-g345015fe64 (webtiles) character file.

97 Ivernyr the Ogre Mage (level 4, 0/44 HPs)
             Began as an Ogre Wizard on Apr 1, 2018.
             Succumbed to an adder's poison
             ... on level 2 of the Dungeon.
             The game lasted 00:11:07 (2224 turns).

Ivernyr the Ogre Mage (Ogre Wizard)                 Turns: 2224, Time: 00:11:07

Health: 0/44       AC:  3    Str: 10 (11) XL:     4   Next: 68%
Magic:  1/10       EV:  9    Int: 18 (20) God:
Gold:   119        SH:  0    Dex:  6 (7)  Spells: 2/11 levels left

rFire    . . .     SeeInvis .   (no weapon)
rCold    . . .     Gourm    .   (no shield)
rNeg     . . .     Faith    .   a - +0 robe
rPois    .         Spirit   .   b - +0 hat
rElec    .         Reflect  .   (no cloak)
rCorr    .         Harm     .   (gloves unavailable)
MR       +....     Rnd*Tele +   (boots unavailable)
Stlth    +.........             (no amulet)
HPRegen  0.14/turn              e - ring of teleportation (curse)
MPRegen  0.12/turn              l - ring of protection from magic

@: lethally poisoned (0 -> -3)
A: large, unfitting armour, mutation resistance 1, tough skin 1
a: no special abilities


You were on level 2 of the Dungeon.
You were not hungry.

You visited 1 branch of the dungeon, and saw 2 of its levels.

You collected 119 gold pieces.

Inventory:

Armour
 a - a +0 robe (worn)
 b - a +0 hat (worn)
Jewellery
 e - a cursed ring of teleportation (left hand)
 l - a ring of protection from magic (right hand)
Wands
 k - a wand of disintegration (17)
Scrolls
 f - a scroll of noise {unknown}
 g - a scroll of fear {unknown}
 i - a scroll of teleportation {unknown}
 j - a scroll of remove curse {unknown}
 m - a scroll of identify {unknown}
Books
 c - a book of Minor Magic

   Spells                             Type                      Level
   a - Magic Dart                     Conjuration                  1
   b - Blink                          Translocation                2
   c - Call Imp                       Summoning                    2
   d - Slow                           Hexes                        2
   e - Conjure Flame                  Conjuration/Fire             3
   f - Mephitic Cloud                 Conjuration/Poison/Air       3
Comestibles
 d - 4 rations


   Skills:
 + Level 2.4 Fighting
 - Level 2.0 Dodging
 - Level 1.4 Stealth
 + Level 4.3 Spellcasting
 * Level 2.7 Conjurations
   Level 0.8 Summonings
 - Level 0.8 Translocations


You had 2 spell levels left.
You knew the following spells:

 Your Spells              Type           Power        Failure   Level  Hunger
a - Magic Dart            Conj           ##..         4%          1    None
b - Blink                 Tloc           N/A          16%         2    ##.....
c - Conjure Flame         Conj/Fire      #.......     24%         3    ###....
d - Mephitic Cloud        Conj/Pois/Air  #.......     30%         3    ###....


Dungeon Overview and Level Annotations

Branches:
Dungeon (2/15)

Altars:
Cheibriados


Innate Abilities, Weirdness & Mutations

You are too large for most types of armour.
You have tough skin. (AC +1)
You are somewhat resistant to further mutation.


Message History

Press: ? - help, Shift-Dir - straight line, f/p - adder
Aim: an adder (severely wounded)
The magic dart hits the adder.
You kill the adder!
* * * LOW HITPOINT WARNING * * *
You feel sick.
It was a potion of mutation.
You feel extremely strange.
You feel genetically stable.
It was a potion of degeneration.
There was something very wrong with that liquid.
You feel weakened.
You feel dopey.
You feel clumsy.
* * * LOW HITPOINT WARNING * * *
You feel sick.
* * * LOW HITPOINT WARNING * * *
You feel sick.
* * * LOW HITPOINT WARNING * * *
You feel sick.
* * * LOW HITPOINT WARNING * * *
You feel sick.
You die...

########### #.........#
#.........# #####.........#
..............# .............##
#..........####
#.....@.......#########
#.######..<..................#
#.............###.##########.#
#.######........................
#.. #....#####.##...############
......#####.......### # ###..
##...##.#### . ##.###..####.# #.
#...#.#####.#


hw There were no monsters in sight!

Vanquished Creatures
  A hound (D:2)
  3 adders (D:2)
  An adder zombie (D:1)
  A dart slug (D:1)
  4 giant cockroaches (D:1)
  4 goblins (D:1)
  3 hobgoblins (D:1)
  8 kobolds
  3 bats
  3 frilled lizards
  A leopard gecko zombie (D:1)
  5 rats
37 creatures vanquished.

Notes
Turn   | Place    | Note
-------+----------+-------------------------------------------
     0 | D:1      | Ivernyr the Ogre Wizard began the quest for the Orb.
     0 | D:1      | Reached XP level 1. HP: 16/16 MP: 5/5
    22 | D:1      | Reached skill level 1 in Conjurations
   175 | D:1      | Reached XP level 2. HP: 26/26 MP: 3/6
   207 | D:1      | Learned a level 2 spell: Blink
   379 | D:1      | Reached skill level 1 in Fighting
  1033 | D:1      | Found a snail-covered altar of Cheibriados.
  1036 | D:1      | Reached XP level 3. HP: 33/33 MP: 5/8
  1396 | D:1      | Reached skill level 4 in Spellcasting
  1437 | D:1      | Learned a level 3 spell: Conjure Flame
  1441 | D:1      | Learned a level 3 spell: Mephitic Cloud
  2123 | D:2      | Reached XP level 4. HP: 42/42 MP: 6/10
  2215 | D:2      | Gained mutation: You are somewhat resistant to further mutation. [potion of mutation]
  2217 | D:2      | HP: 2/44 [poisoned by an adder]
  2222 | D:2      | HP: 1/44 [poisoned by an adder]
  2224 | D:2      | Succumbed to an adder's poison

Skill      XL: |  1  2  3 |
---------------+----------+-----
Conjurations   | 1 2 |  2.7
Dodging        | 2 |  2.0
Fighting       | 1 2 |  2.4
Spellcasting   | 4 |  4.3
Stealth        | |  1.4
Summonings     | |  0.8
Translocations | |  0.8

Action                   |  1- 3 |  4- 6 || total
-------------------------+-------+-------++-------
Melee: Unarmed           |    31 |     1 ||    32
 Cast: Magic Dart        |    79 |    15 ||    94
  Use: Potion            |       |     2 ||     2
  Eat: Ration            |     1 |       ||     1
       Chunk             |     1 |       ||     1
Armor: Robe              |    11 |     3 ||    14
Dodge: Dodged            |    18 |     8 ||    26
